 Dungeon Crawl Stone Soup version 0.14-a0-2474-g7d54a28 (webtiles) character file.

7032 MrRokkomies the Jinx (level 11, 0/56 HPs)
             Began as a Vine Stalker Enchanter on Feb 8, 2014.
             Was an Elder of Okawaru.
             Slain by a wolf (8 damage)
             ... on Level 1 of the Lair of Beasts.
             The game lasted 00:59:12 (8918 turns).

MrRokkomies the Jinx (Vine Stalker Enchanter)       Turns: 8918, Time: 00:59:12

HP   0/56        AC 11     Str 12      XL: 11   Next:  4%
MP   0/23        EV 11     Int 18      God: Okawaru [****..]
Gold 315         SH  0     Dex 14 (15) Spells:  5 memorised,  2 levels left

rFire  . . .     SeeInvis +     a - +1 dagger
rCold  + + .     Clarity  .     S - +1 leather armour of the Fiend {rC++ Acc+5 Stlth++}
rNeg   . . .     Conserve .     (no shield)
rPois  .         rCorr    .     p - +1 helmet
rElec  .         rRot     +     n - +2 cloak
SustAb . .       Spirit   +     e - +1 pair of dwarf gloves
rMut   .         Warding  .     (no boots)
Saprov . . .     Stasis   .     (no amulet)
MR     +....                    v - ring of see invisible
                                h - +1 ring of strength

@: invisible, very slightly contaminated, somewhat resistant to hostile
enchantments, quite stealthy
A: fangs 3, regeneration 2, magic shield, antimagic bite, no device heal
a: Heroism, Renounce Religion


You were on level 1 of the Lair of Beasts.
You worshipped Okawaru.
Okawaru was greatly pleased with you.
You were not hungry.

You visited 3 branches of the dungeon, and saw 12 of its levels.

You collected 315 gold pieces.

Inventory:

Hand weapons
 a - a +1,+1 dagger (weapon)
 m - a +0,+0 sling
 M - a +0 elven blowgun
Missiles
 d - 11 darts (quivered)
 k - 65 sling bullets
 u - 6 poisoned needles
 y - 5 sling bullets of frost
 N - 2 curare-tipped needles
 U - 10 sling bullets of flame
Armour
 e - a +1 pair of dwarven gloves (worn)
 n - a +2 cloak (worn)
 p - a +1 helmet (worn)
 S - the +1 leather armour of the Fiend (worn) {rC++ Acc+5 Stlth++}
   (You found it on level 9 of the Dungeon)

   It affects your accuracy with ranged weapons and melee attacks (+5).
   It greatly protects you from cold.
   It makes you much more stealthy.
Magical devices
 c - a wand of fireball (5) {unknown}
 A - a wand of lightning (2)
 B - a wand of digging (6)
 R - a wand of flame (17)
Comestibles
 f - 10 bread rations
 z - 5 meat rations
 P - 5 beef jerkies
Scrolls
 b - 4 scrolls of teleportation
 G - 4 scrolls of remove curse
Jewellery
 h - a +1 ring of strength (left hand)
 t - an uncursed ring of sustenance
 v - a ring of see invisible (right hand)
 H - an uncursed ring of sustain abilities {unknown}
 Y - an uncursed ring of ice
Potions
 g - 6 potions of curing
 l - a potion of agility
 q - a potion of paralysis {unknown}
 s - a potion of degeneration {unknown}
 w - 2 potions of might
 x - 2 potions of speed
 E - a potion of resistance


   Skills:
 * Level 6.1 Fighting
 - Level 5.0 Short Blades
 - Level 0.8 Throwing
 * Level 2.1 Dodging
 - Level 2.4 Stealth
 - Level 4.2 Spellcasting
 - Level 13.2 Hexes


You had 2 spell levels left.
You knew the following spells:

 Your Spells              Type           Power        Failure   Level  Hunger
a - Corona                Hex            ######.      1%          1    None
b - Ensorcelled Hibernat  Hex/Ice        ####..       1%          2    #......
c - Confuse               Hex            ######..     1%          3    ###....
d - Enslavement           Hex            ######..     1%          4    ####...
e - Invisibility          Hex            ######..     12%         6    #######


Dungeon Overview and Level Annotations

Branches:
Dungeon (10/16)            Temple (1/1) D:7            Lair (1/8) D:10
    Orc: D:9-12

Altars:
Cheibriados
Makhleb
Nemelex Xobeh
Okawaru
Sif Muna
Trog
Vehumet
Xom
Zin
The Shining One


Innate Abilities, Weirdness & Mutations

You have razor-sharp teeth.
You heal very quickly.
When hurt, damage is shared between your health and your magic reserves.
Your bite disrupts and absorbs the magic of your enemies.
Potions and wands cannot restore your HP.


Message History

Casting: Ensorcelled Hibernation
Confirm with . or Enter, or press ? or * to list all spells.
Aiming: Ensorcelled Hibernation
Press: ? - help, Shift-Dir - straight line, f - wolf
Aim: a wolf The wolf resists with significant effort.
The wolf barely misses you. The wolf bites you.
* * * LOW HITPOINT WARNING * * *
The wolf barely misses you.
An adder comes into view.
The wolf closely misses you.
Found a sedimented blue potion.
The wolf bites you but does no damage. The wolf bites you.
* * * LOW HITPOINT WARNING * * *
The wolf bites you.
* * * LOW HITPOINT WARNING * * *
The wolf closely misses you. The wolf bites you!
You die...

#..................
#...................
#...................
#...........%.......
#....######.##.#.###
#....# #.# # #....#
#h# #....## #.#
#...@.# #.#
#...h######.######f
#....h..r..........f
#..................
#..................
#..................
#....S.#######.#P##
##...!Pf ####
#......


You could see 2 wolves and an adder (sleeping).

Vanquished Creatures
  2 hill giants (D:10)
  A cyclops (D:9)
  A feature mimic (Lair:1)
  A troll (D:9)
  A wyvern (D:9)
  5 yaks
  2 wolves (Lair:1)
  A hippogriff (D:8)
  A hungry ghost (D:9)
  2 ice beasts (D:10)
  5 ogres
  3 hell hounds (D:10)
  2 sky beasts
  3 orc warriors
  3 centaurs
  A giant slug (Lair:1)
  4 giant frogs
  2 gnoll sergeants
  Blork the orc (D:7)
  An agate snail (Lair:1)
  2 goliath beetles
  3 hounds
  8 crimson imps
  A big fish (D:3)
  4 orc priests
  A giant frog skeleton (D:9)
  3 quasits
  Natasha (twice) (D:3)
  4 iguanas
  4 orc wizards
  5 scorpions
  8 worker ants
  Jessica (D:2)
  A mottled dragon skeleton (D:6)
  An ogre skeleton (D:5)
  A mummy (D:8)
  8 adders
  12 gnolls
  3 giant centipedes
  2 giant mites
  An inept feature mimic (D:3)
  9 worms
  An iguana zombie (D:7)
  2 orc zombies (D:8)
  3 giant eyeballs
  8 giant geckos
  32 orcs
  20 bats
  2 bat skeletons
  11 goblins
  14 hobgoblins
  16 kobolds
  2 quokkas
  A ball python (D:6)
  3 giant cockroaches
  A giant gecko skeleton (D:4)
  9 giant newts
  A jackal skeleton (D:6)
  4 orc skeletons
  22 rats
278 creatures vanquished.

Vanquished Creatures (collateral kills)
  2 orcs (D:8)
2 creatures vanquished.

Grand Total: 280 creatures vanquished

Notes
Turn   | Place    | Note
--------------------------------------------------------------
     0 | D:1      | MrRokkomies, the Vine Stalker Enchanter, began the quest for the Orb.
     0 | D:1      | Reached XP level 1. HP: 9/9 MP: 3/3
    23 | D:1      | Reached skill level 1 in Short Blades
   194 | D:1      | Reached XP level 2. HP: 11/13 MP: 5/5
   684 | D:1      | Learned a level 2 spell: Ensorcelled Hibernation
   745 | D:2      | Reached XP level 3. HP: 13/16 MP: 2/7
   760 | D:2      | Learned a level 3 spell: Confuse
   960 | D:2      | Reached skill level 4 in Hexes
  1059 | D:2      | Found a burning altar of Makhleb.
  1059 | D:2      | Found a radiant altar of Vehumet.
  1134 | D:2      | Noticed Jessica
  1150 | D:2      | Killed Jessica
  1150 | D:2      | Reached XP level 4. HP: 7/21 MP: 5/8
  1700 | D:3      | Reached skill level 5 in Hexes
  1700 | D:3      | Reached XP level 5. HP: 24/24 MP: 8/11
  1960 | D:3      | Found a glowing drain.
  1983 | D:3      | the glowing drain was a mimic.
  2086 | D:3      | Noticed a giant frog
  2095 | D:3      | Killed a giant frog
  2095 | D:3      | Gained mutation: You heal very quickly. [vine stalker growth]
  2095 | D:3      | Reached XP level 6. HP: 23/28 MP: 9/12
  2256 | D:3      | Noticed Natasha
  2268 | D:3      | Killed Natasha
  2473 | D:3      | Reached skill level 6 in Hexes
  2623 | D:3      | Noticed Natasha
  2638 | D:3      | Killed Natasha
  2922 | D:4      | Reached XP level 7. HP: 32/32 MP: 14/14
  3275 | D:5      | Entered Level 5 of the Dungeon
  3581 | D:5      | Found a deep blue altar of Sif Muna.
  3689 | D:5      | Reached skill level 7 in Hexes
  3899 | D:5      | Reached skill level 5 in Short Blades
  3899 | D:5      | Gained mutation: You have razor-sharp teeth. [vine stalker growth]
  3899 | D:5      | Reached XP level 8. HP: 36/36 MP: 13/16
  4388 | D:6      | Paralysed by a giant eyeball for 3 turns
  4407 | D:6      | Reached skill level 1 in Fighting
  4438 | D:6      | Reached skill level 8 in Hexes
  5183 | D:7      | Found a glowing golden altar of the Shining One.
  5214 | D:7      | Noticed Blork the orc
  5264 | D:6      | Reached skill level 9 in Hexes
  5280 | D:6      | Learned a level 4 spell: Enslavement
  5295 | D:7      | Killed Blork the orc
  5487 | D:7      | Found a staircase to the Ecumenical Temple.
  5527 | Temple   | Entered the Ecumenical Temple
  5531 | Temple   | Became a worshipper of Warmaster Okawaru
  5728 | D:8      | Reached XP level 9. HP: 40/43 MP: 11/18
  5990 | D:8      | Reached skill level 10 in Hexes
  6250 | D:8      | Acquired Okawaru's first power
  6817 | D:9      | Found a shimmering altar of Xom.
  6828 | D:9      | Reached skill level 11 in Hexes
  6837 | D:9      | Found a shimmering altar of Xom.
  6837 | D:9      | Found a shimmering altar of Xom.
  6838 | D:9      | Found a shimmering altar of Xom.
  6977 | D:9      | Found a shimmering altar of Xom.
  7352 | D:9      | Got a distressingly furry leather armour
  7353 | D:9      | Identified the cursed +1 leather armour of the Fiend {rC++ Acc+5 Stlth++} (You found it on level 9 of the Dungeon)
  7571 | D:9      | Reached XP level 10. HP: 32/49 MP: 16/18
  7621 | D:9      | Noticed a cyclops
  7659 | D:9      | Reached skill level 12 in Hexes
  7664 | D:9      | Killed a cyclops
  7770 | D:10     | Entered Level 10 of the Dungeon
  8282 | D:10     | Reached skill level 13 in Hexes
  8309 | D:10     | Noticed a hill giant
  8351 | D:10     | Killed a hill giant
  8449 | D:10     | Reached skill level 5 in Fighting
  8453 | D:10     | Noticed a hill giant
  8507 | D:10     | Killed a hill giant
  8511 | D:10     | Found a staircase to the Lair.
  8578 | Lair:1   | Entered Level 1 of the Lair of Beasts
  8578 | Lair:1   | Found a labyrinth entrance.
  8602 | Lair:1   | the labyrinth entrance was a mimic.
  8624 | Lair:1   | Learned a level 6 spell: Invisibility
  8823 | Lair:1   | Reached XP level 11. HP: 56/56 MP: 23/23
  8918 | Lair:1   | Slain by a wolf

Action                   |  1- 3 |  4- 6 |  7- 9 | 10-12 || total
-------------------------+-------+-------+-------+-------++-------
Melee: Dagger            |   125 |   248 |   474 |   234 ||  1081
       Short sword       |       |       |    35 |       ||    35
 Fire: Blowgun           |       |       |    93 |    28 ||   121
       Sling             |       |       |     5 |    15 ||    20
Throw: Dart              |       |       |    17 |       ||    17
 Cast: Ensorcelled Hiber |     5 |    33 |    75 |    30 ||   143
       Confuse           |       |     2 |    35 |    19 ||    56
       Corona            |       |       |     3 |     1 ||     4
       Enslavement       |       |       |     1 |     3 ||     4
       Invisibility      |       |       |       |     1 ||     1
Evoke: Wand              |       |     1 |    16 |     1 ||    18
  Use: Scroll            |       |    12 |    18 |     1 ||    31
 Stab: Sleeping          |     6 |    19 |    42 |    13 ||    80
       Confused          |       |     1 |     5 |     4 ||    10
       Distracted        |       |       |     1 |       ||     1
